Map: Terminal stellaire EC (Void)

Players

DutchTerran

  • Race: Terran Terran
  • League: Bronze

Snake - Winner!

  • Race: Protoss Protoss
  • League: Gold

VOD

Have the link to the VOD?

Description

Time

  • Played on: Aug. 25, 2015, 11:16 a.m.
  • Length: 15:00
Show
View Real Time Build Order
Export as new Build Order

DutchTerran Terran 

Build Orders: MMM Bio 

Get SALT Encoding   

  12  0:01  SCV  
  13  0:13  SCV  
  14  0:18  Supply Depot  
  14  0:25  SCV  
  15  0:40  SCV  
  15  0:41  Barracks  
  16  0:45  Refinery  
  16  0:52  SCV  
  17  1:04  SCV  
  18  1:16  SCV  
  19  1:29  Supply Depot  
  19  1:31  Reaper  
  19  1:32  Orbital Command  
  20  1:48  Barracks  
  20  1:51  Barracks  
  20  2:02  Bunker  
  20  2:04  Reaper  
  21  2:09  SCV  
  22  2:15  Supply Depot  
  22  2:39  Barracks Tech Lab  
  22  2:40  SCV, Barracks Reactor x2  
  22  2:51  Engineering Bay  
  22  3:11  SCV, Marine  
  23  3:21  Refinery  
  23  3:22  Marine x2  
  23  3:23  SCV, Marine x2  
  23  3:24  Supply Depot  
  28  3:30  Missile Turret, Marauder  
  30  3:35  SCV  
  31  3:51  Marauder  
  33  3:55  Marine x3  
  33  3:56  Marine  
  36  4:13  Marine x2, Marauder  
  36  4:14  Supply Depot  
  40  4:19  Stimpack  
  40  4:22  Marine  
  41  4:29  Marine  
  41  4:31  Marine  
  42  4:34  Marauder  
  45  4:42  SCV  
  46  4:54  Marine x4  
  48  5:12  Command Center  
  48  5:15  SCV  
  49  5:22  Marine x2  
  27  6:31  Marine  
  27  6:48  Marine x3  
  29  6:58  Marine x2  
  29  7:05  Bunker  
  29  7:06  Bunker  
  23  7:42  Orbital Command  
  21  7:49  Planetary Fortress  
  21  8:10  Supply Depot, Marine  
  21  8:11  Supply Depot  
  22  8:27  SCV x2  
  23  8:28  Marine  
  22  8:44  Orbital Command  
  17  9:12  Barracks  
  17  9:14  Factory  
  17  9:16  SCV x2, Engineering Bay  
  19  9:28  SCV  
  20  9:33  SCV  
  20  9:36  Marine  
  22  9:40  SCV  
  22  9:45  SCV  
  24  9:55  Missile Turret  
  24  9:56  SCV  
  24  9:57  SCV  
  26  10:02  Refinery  
  26  10:10  Barracks Tech Lab  
  26  10:11  Barracks Reactor  
  26  10:13  Factory Tech Lab  
  26  10:22  Orbital Command  
  26  10:23  Refinery  
  26  10:29  Terran Infantry Weapons Level 1  
  26  10:31  Combat Shields  
  26  10:36  SCV  
  27  10:43  Marine  
  27  10:49  SCV x2  
  30  10:55  Missile Turret  
  30  11:00  Marine x2  
  32  11:04  SCV  
  32  11:10  SCV  
  34  11:12  Siege Tank  
  37  11:20  SCV  
  37  11:22  SCV  
  39  11:32  SCV  
  40  11:34  SCV  
  41  11:41  Starport  
  41  11:42  Refinery  
  41  11:44  SCV  
  41  11:46  SCV  
  43  11:50  Concussive Shells  
  43  11:56  SCV, Marine  
  43  11:58  SCV  
  43  11:59  Starport  
  46  12:09  SCV  
  46  12:10  SCV  
  46  12:11  Refinery  
  48  12:17  Marine  
  48  12:18  Supply Depot  
  48  12:21  SCV  
  48  12:22  SCV  
  51  12:30  Armory  
  51  12:35  Starport Reactor  
  51  12:36  Missile Turret  
  51  12:38  Terran Infantry Armor Level 1  
  51  12:40  Starport Reactor  
  51  12:41  Starport Tech Lab  
  51  12:42  SCV  
  52  12:48  SCV  
  52  12:50  Marine  
  54  12:55  SCV  
  54  12:57  Liberator x2  
  55  13:04  SCV  
  56  13:07  SCV  
  57  13:12  Raven  
  57  13:17  SCV  
  57  13:19  SCV  
  67  13:21  Supply Depot  
  67  13:29  SCV  
  68  13:35  SCV  
  68  13:41  SCV  
  70  13:42  Barracks  
  70  13:44  Barracks  
  70  13:58  SCV x2  
  70  13:59  Marine x3  
  70  14:02  Viking x2  
  77  14:04  Raven  
Show
View Real Time Build Order
Export as new Build Order

Snake Protoss - Winner!

Build Orders: 1 Gate Expand 

Get SALT Encoding   

  12  0:01  Probe  
  13  0:14  Probe  
  14  0:18  Pylon  
  14  0:26  Probe  
  15  0:38  Probe  
  15  0:41  Gateway  
  16  0:50  Probe  
  17  1:02  Probe  
  18  1:14  Nexus  
  18  1:20  Probe  
  19  1:28  Cybernetics Core  
  19  1:33  Assimilator  
  19  1:35  Probe  
  19  1:39  Assimilator  
  20  1:46  Pylon  
  20  1:48  Probe  
  21  2:00  Probe  
  22  2:05  Zealot  
  24  2:15  Gateway  
  23  2:30  Warp Gate  
  23  2:41  Mothership Core  
  25  2:45  Adept  
  27  2:52  Gateway  
  25  3:06  Adept  
  24  3:19  Probe x2  
  26  3:27  Robotics Facility  
  26  3:38  Gateway  
  26  3:40  Probe x2  
  28  3:46  Adept  
  30  3:50  Sentry  
  31  4:03  Probe x2  
  33  4:13  Gateway  
  33  4:19  Warp Prism  
  33  4:22  Probe  
  36  4:32  Probe  
  36  4:34  Probe  
  36  4:38  Pylon  
  38  4:42  Adept  
  40  4:47  Probe x2  
  40  4:55  Observer  
  41  5:16  Immortal  
  45  5:22  Adept x3  
  45  5:24  Adept  
  48  5:44  Adept x3  
  52  6:04  Zealot x2  
  54  6:19  Pylon  
  54  6:20  Pylon  
  54  6:22  Pylon  
  54  6:25  Assimilator  
  54  6:37  Probe x2  
  54  6:39  Observer  
  57  6:47  Stalker x3  
  59  6:49  Probe  
  59  6:50  Stalker, Zealot  
  68  7:01  Observer  
  69  7:02  Probe x2  
  71  7:14  Probe x2  
  73  7:32  Stalker x2  
  77  7:38  Pylon  
  77  7:39  Pylon  
  77  7:43  Gateway  
  77  7:44  Gateway, Assimilator  
  77  7:48  Gateway  
  77  8:07  Stargate  
  77  8:09  Probe x2  
  77  8:10  Stargate  
  79  8:21  Probe  
  80  8:33  Adept x5  
  80  9:11  Nexus  
  80  9:19  Twilight Council  
  80  9:24  Nexus  
  80  9:28  Probe, Fleet Beacon  
  80  9:30  Pylon  
  81  9:41  Mothership Core  
  83  9:47  Void Ray  
  87  9:56  Blink  
  87  10:15  Assimilator  
  87  10:16  Assimilator  
  87  10:17  Probe x2  
  89  10:28  Assimilator  
  89  10:29  Probe x2  
  89  10:32  Tempest, Assimilator  
  95  10:41  Probe  
  96  10:43  Carrier  
  96  10:50  Probe x3  
  96  10:53  Probe  
  100  11:02  Probe x3  
  103  11:06  Probe  
  110  11:19  Templar Archives  
  116  11:27  Probe  
  116  11:28  Probe x2  
  116  11:32  Probe  
  120  11:39  Probe  
  121  11:52  Stalker x3  
  121  11:53  Stalker  
  129  12:09  Carrier  
  129  12:13  Pylon  
  129  12:14  Pylon, High Templar  
  131  12:16  Psionic Storm  
  131  12:32  Probe  
  131  12:33  Probe x3  
  131  12:36  High Templar  
  143  12:38  High Templar  
  145  12:44  Probe, Adept  
  145  12:50  Pylon  
  148  12:51  Pylon  
  148  13:08  Probe x2  
  148  13:12  Pylon  
  150  13:22  Pylon  
  150  13:23  Pylon  
  150  13:26  Pylon, High Templar x2  
  150  13:27  High Templar x2  
  156  13:28  Stalker x2  
  156  13:30  Archon x2  
  162  13:43  Probe  
  162  13:44  Probe x3  
  166  13:49  Pylon  
  166  13:50  Pylon  
  166  13:51  Pylon  
  166  13:52  High Templar x2  
  166  13:53  Stalker  
  166  13:54  Stalker  
  174  13:59  Archon  
  174  14:01  Stalker x2  
  174  14:02  Stalker  
  180  14:19  Adept x3  
Tags
 
Add a new tag
Caveats
  • Supply blocks, unpowered buildings, or Contaminate may cause inaccurate times.
  • Supply counts are checked every 10 seconds.